 Dungeon Crawl Stone Soup version 0.21-a0-471-gd587bd5 (webtiles) character file.

13 sagitran the Ogre Mage (level 2, -1/26 HPs)
             Began as an Ogre Wizard on Nov 21, 2017.
             Slain by a kobold
             ... wielding a +2 dagger of freezing
              (4 damage)
             ... on level 1 of the Dungeon.
             The game lasted 00:01:57 (235 turns).

sagitran the Ogre Mage (Ogre Wizard)                 Turns: 235, Time: 00:01:59

Health: -1/26      AC:  3    Str: 10    XL:     2   Next: 37%
Magic:  0/7        EV: 10    Int: 19    God:
Gold:   4          SH:  0    Dex:  7    Spells: 4/9 levels left

rFire    . . .     SeeInvis .   e - +0 dagger
rCold    . . .     Gourm    .   (no shield)
rNeg     . . .     Faith    .   a - +0 robe
rPois    .         Spirit   .   b - +0 hat
rElec    .         Reflect  .   (no cloak)
rCorr    .         Harm     .   (gloves unavailable)
MR       .....                  (boots unavailable)
Stlth    +.........             (no amulet)
HPRegen  0.08/turn              (no ring)
MPRegen  0.10/turn              (no ring)

@: no status effects
A: unfitting armour, tough skin 1
a: no special abilities


You were on level 1 of the Dungeon.
You were not hungry.

You visited 1 branch of the dungeon, and saw 1 of its levels.

You collected 4 gold pieces.

Inventory:

Hand Weapons
 e - a +0 dagger (weapon)
Armour
 a - a +0 robe (worn)
 b - a +0 hat (worn)
Books
 c - a book of Minor Magic

   Spells                             Type                      Level
   a - Magic Dart                     Conjuration                  1
   b - Blink                          Translocation                2
   c - Call Imp                       Summoning                    2
   d - Slow                           Hexes                        2
   e - Conjure Flame                  Conjuration/Fire             3
   f - Mephitic Cloud                 Conjuration/Poison/Air       3
Comestibles
 d - a bread ration


   Skills:
 + Level 0.6 Fighting
 + Level 1.9 Dodging
 + Level 1.4 Stealth
 + Level 0.3 Unarmed Combat
 + Level 4.1 Spellcasting
 + Level 0.8 Conjurations
   Level 0.8 Summonings
 + Level 0.8 Translocations


You had 4 spell levels left.
You knew the following spells:

 Your Spells              Type           Power        Failure   Level  Hunger
a - Magic Dart            Conj           #...         10%         1    None
b - Blink                 Tloc           N/A          14%         2    ##.....
c - Slow                  Hex            #.......     21%         2    ##.....


Dungeon Overview and Level Annotations

Branches:
Dungeon (1/15)

Altars:


Innate Abilities, Weirdness & Mutations

You are too large for most types of armour.
You have tough skin. (AC +1)


Message History

Aim: a kobold, wielding a dagger of freezing and wearing a ring mail (severely wounded)
The magic dart hits the kobold.
The kobold is severely wounded.
The kobold hits you with a dagger of freezing.
The kobold freezes you.
You barely miss the kobold.
The kobold is severely wounded.
The kobold hits you with a dagger of freezing.
* * * LOW HITPOINT WARNING * * *
The kobold freezes you.
* * * LOW HITPOINT WARNING * * *
You aren't carrying any potions.
You hit the kobold but do no damage.
The kobold is severely wounded.
The kobold hits you with a dagger of freezing.
* * * LOW HITPOINT WARNING * * *
The kobold freezes you.
* * * LOW HITPOINT WARNING * * *
The kobold hits you with a dagger of freezing.
You die...

..# ..... #.#
#.$.........#
########.####.......$...#
............)....>.......
#########.#.#...........#
.≈≈≈≈≈≈≈#.#.#...........#
≈.≈≈≈≈≈≈≈...#...........#
≈≈.≈≈≈≈≈≈≈..#...........#
≈≈≈.≈≈8≈≈≈..#...@K......#
≈≈≈≈.≈≈≈≈≈..#...........#
≈≈≈≈≈.≈≈≈≈.†#..........%.
≈≈≈≈.≈≈≈≈≈.......########.
≈>..≈≈≈≈≈≈.........)......
..<≈≈≈≈≈≈≈.############...
≈≈≈≈≈≈≈≈≈≈.# ≈≈≈≈≈≈≈≈≈≈.#
≈≈≈≈≈≈≈≈≈≈.#


You could see a kobold.

Vanquished Creatures
  A dart slug (D:1)
  A giant cockroach (D:1)
  3 goblins (D:1)
  A hobgoblin (D:1)
  2 bats (D:1)
  2 frilled lizards (D:1)
10 creatures vanquished.

Notes
Turn   | Place    | Note
-------+----------+-------------------------------------------
     0 | D:1      | sagitran the Ogre Wizard began the quest for the Orb.
     0 | D:1      | Reached XP level 1. HP: 16/16 MP: 5/5
   188 | D:1      | Reached skill level 4 in Spellcasting
   188 | D:1      | Reached XP level 2. HP: 21/24 MP: 0/7
   200 | D:1      | Learned a level 2 spell: Blink
   203 | D:1      | Learned a level 2 spell: Slow
   235 | D:1      | Slain by a kobold

Vault maps used:
D:1:      nzn_arrival_water_spiral, minmay_misc_feat_pillars

Skill      XL: |  1 |
---------------+----+-----
Spellcasting   | 4 |  4.1
Fighting       | |  0.6
Dodging        | |  1.9
Stealth        | |  1.4
Unarmed Combat | |  0.3
Conjurations   | |  0.8
Summonings     | |  0.8
Translocations | |  0.8

Action                   || total
-------------------------++-------
Melee: Dagger            ||    38
       Unarmed           ||     3
 Cast: Magic Dart        ||    16
  Use: Scroll            ||     1
Armor: Robe              ||    15
Dodge: Dodged            ||    33

Table legend:
 A = Spawn XP
 B = Non-spawn XP
 C = Spawn XP percentage of total XP
 D = Spawn monster count
 E = Non-spawn monster count
 F = Spawn count percentage of total count
 G = Total turns spent on level
                    A         B        C        D         E        F      G
               +---------+---------+-------+---------+---------+-------+---------
         Total |       0 |      19 |   0.0 |       0 |      10 |   0.0 |   235
               +---------+---------+-------+---------+---------+-------+---------
           D:1 |       0 |      19 |   0.0 |       0 |      10 |   0.0 |   235
               +---------+---------+-------+---------+---------+-------+---------
